 Dungeon Crawl Stone Soup version bcrawl-1.18.1 (webtiles) character file.

Game seed: 14200657760170884348

462 Freyura the Shield-Bearer (level 6, -1/57 HPs)
             Began as a Deep Dwarf Fighter on Nov 10, 2019.
             Was a Priest of Elyvilon.
             Slain by an adder (2 damage)
             ... in a sewer.
             The game lasted 00:16:27 (2875 turns).

Freyura the Shield-Bearer (Deep Dwarf Fighter)      Turns: 2875, Time: 00:16:27

Health: -1/57      AC:  8    Str: 19    XL:     6   Next: 79%
Magic:  8/8        EV:  6    Int:  9    God:    Elyvilon [***...]
Gold:   168        SH: 11    Dex: 14    Spells: 5/5 levels left

rFire    . . .     SeeInvis .   a - +0 long sword
rCold    . . .     Gourm    .   c - +0 shield
rNeg     . . .     Faith    .   b - +0 scale mail
rPois    .         Spirit   .   (no helmet)
rElec    .         Reflect  .   l - +0 cloak
rCorr    .         Harm     .   (no gloves)
MR       .....                  (no boots)
Stlth    +.........             (no amulet)
HPRegen  0.00/turn              i - ring of stealth
MPRegen  0.11/turn              (no ring)

@: lethally poisoned (-1 -> -1), non-regenerating, constricted, very slow
A: damage resistance, sense surroundings 1, no regeneration
a: Lesser Healing, Heal Other, Purification, Divine Protection, Renounce
Religion


You were in a sewer.
You worshipped Elyvilon.
Elyvilon was most pleased with you.
You were hungry.

You visited 1 branch of the dungeon, and saw 4 of its levels.
You also visited: Sewer.

You collected 168 gold pieces.

Inventory:

Hand Weapons
 a - a +0 long sword (weapon)
Armour
 b - a +0 scale mail (worn)
 c - a +0 shield (worn)
 l - a +0 cloak (worn)
Jewellery
 i - a ring of stealth (left hand)
 n - a cursed amulet of inaccuracy {unknown}
Wands
 m - a wand of flame (37)
Scrolls
 e - 2 scrolls of teleportation
 g - 3 scrolls of identify
 h - 3 scrolls of remove curse
Potions
 d - 4 potions of might
 j - 2 potions of magic {unknown}
 p - a potion of flight
Comestibles
 f - 6 rations {!d}


   Skills:
 + Level 4.1 Fighting
 + Level 3.4 Long Blades
 + Level 4.5 Armour
 + Level 2.9 Dodging
 + Level 4.5 Shields
 + Level 3.5 Invocations


You had 5 spell levels left.
You didn't know any spells.
Your spell library contained the following spells:

 Spells                   Type           Power        Failure   Level  Hunger
 Confuse                  Hex            #.......     100%        3    ####...
 Dazzling Spray           Conj/Hex       #.....       100%        3    ####...
 Petrify                  Tmut/Erth      #.......     100%        4    #####..
 Yara's Violent Unravell  Hex/Tmut       #.........   100%        4    #####..
 Metabolic Englaciation   Hex/Ice        #.........   100%        5    ######.
 Mana Rupture             Conj/Hex       #.........   100%        7    #######


Dungeon Overview and Level Annotations

Branches:
Dungeon (4/12)
 Temple: D:4-7

Altars:
Fedhas
Trog
Xom


Innate Abilities, Weirdness & Mutations

You are resistant to damage.
You passively map a small area around you.
You do not regenerate.


Message History

The river rat bites you but does no damage.
The rat bites you but does no damage. You block the rat's attack.
The rat bites you but does no damage. The ball python closely misses you.
The ball python constricts you.
You hit the adder.
The adder is severely wounded.
You block the adder's attack. You block the river rat's attack.
You block the rat's attack.
The rat bites you but does no damage. x2
The ball python barely misses you. The ball python constricts you.
The rat bites you.
* * * LOW HITPOINT WARNING * * *
The adder bites you.
* * * LOW HITPOINT WARNING * * *
The river rat bites you!
* * * LOW HITPOINT WARNING * * *
The rat bites you but does no damage.
You closely miss the adder.
The adder is severely wounded.
The adder bites you.
You die...

..### ###
.....####
####..
,........##
##..... , ,
#.......#
#...... , *
#......##
##...... ,
*#......#
#......#
#.≈rrS.#
#.≈.≈≈## *
#≈rr@S≈#
#≈≈≈≈≈≈#
#≈≈rr≈≈#
#≈≈≈≈≈≈# ≈
* #≈≈≈≈≈≈#
#≈≈≈≈≈≈#
#≈≈≈≈≈≈#
#≈≈#≈≈≈# ≈
#†≈≈≈≈≈#
#≈≈≈≈≈≈# ≈
#≈.≈.≈≈#
#≈≈≈≈≈≈#
#≈≈.(.≈#
#.†≈≈≈≈#
##..≈.≈#
#††≈≈≈≈#
#≈≈≈≈≈≈#
#≈≈≈≈≈≈#


You could see an adder, a river rat, a ball python and 5 rats.

Vanquished Creatures
  Sigmund (D:3)
  A crimson imp (D:4)
  An orc priest (D:3)
  A worker ant (D:4)
  8 adders
  5 river rats
  6 worms
  2 leopard geckos
  7 orcs (D:3)
  7 bats
  3 giant cockroaches
  2 goblins (D:2)
  10 hobgoblins
  2 jackals (D:4)
  A quokka (D:1)
  8 ball pythons
  7 frilled lizards
  8 kobolds
  24 rats
  A plant (D:2)
105 creatures vanquished.

Notes
Turn   | Place    | Note
-------+----------+-------------------------------------------
     0 | D:1      | Freyura the Deep Dwarf Fighter began the quest for the Orb.
     0 | D:1      | Reached XP level 1. HP: 21/21 MP: 1/1
   137 | D:1      | Reached XP level 2. HP: 9/28 MP: 2/2
   349 | D:1      | Reached skill level 1 in Dodging
   374 | D:1      | Reached skill level 1 in Invocations
   641 | D:2      | Reached XP level 3. HP: 11/34 MP: 3/3
   651 | D:2      | Found a faded altar of an unknown god.
   695 | D:2      | Reached ** piety under Elyvilon
   949 | D:2      | Found a bloodstained altar of Trog.
  1230 | D:2      | Found a shimmering altar of Xom.
  1239 | D:2      | Found a blossoming altar of Fedhas.
  1412 | D:3      | Noticed Sigmund
  1423 | D:3      | Killed Sigmund
  1423 | D:3      | Reached XP level 4. HP: 18/44 MP: 5/5
  1423 | D:3      | Reached XP level 5. HP: 21/50 MP: 6/6
  1756 | D:3      | Reached XP level 6. HP: 27/57 MP: 8/8
  1898 | D:3      | Reached *** piety under Elyvilon
  2547 | D:4      | Found a glowing drain.
  2554 | Sewer    | Entered a sewer
  2874 | Sewer    | HP: 1/57 [river rat (6)]
  2875 | Sewer    | Slain by an adder

Skill      XL: |  1  2  3  4  5  6 |
---------------+-------------------+-----
Dodging        | 1 2 |  2.9
Invocations    | 1 2 3 |  3.5
Armour         | 4 |  4.5
Shields        | 4 |  4.5
Long Blades    | 3 |  3.4
Fighting       | 4 |  4.1

Action                   |  1- 3 |  4- 6 || total
-------------------------+-------+-------++-------
Melee: Long sword        |   229 |   307 ||   536
Invok: Lesser Healing    |     2 |     7 ||     9
  Use: Scroll            |     4 |     4 ||     8
       Potion            |     1 |     2 ||     3
 Stab: Sleeping          |     1 |     3 ||     4
  Eat: Chunk             |     2 |     3 ||     5
       Ration            |       |     1 ||     1
Armor: Scale mail        |   135 |   212 ||   347
Dodge: Dodged            |    90 |   174 ||   264
Block: Shield            |   155 |   261 ||   416
